Map: Bel'Shir Vestige LE (Void)

Players

Loken

  • Race: Protoss Protoss
  • Spawn Location: 11:00

qhxxsb - Winner!

  • Race: Zerg Zerg
  • League: Diamond
  • Spawn Location: 5:00

VOD

Have the link to the VOD?

Description

Time

  • Played on: March 13, 2017, 4:22 p.m.
  • Length: 12:36
Show
View Real Time Build Order
Export as new Build Order

Loken Protoss 

Build Orders:  

Get SALT Encoding   

  12  0:01  Probe (Chrono Boost)  
  13  0:11  Probe (Chrono Boost)  
  14  0:24  Pylon  
  14  0:28  Probe (Chrono Boost)  
  15  0:42  Probe (Chrono Boost)  
  16  0:46  Forge  
  16  0:52  Probe (Chrono Boost)  
  17  1:03  Probe (Chrono Boost)  
  18  1:06  Pylon  
  18  1:13  Probe (Chrono Boost)  
  19  1:24  Probe (Chrono Boost)  
  20  1:26  Pylon  
  19  1:50  Nexus  
  19  1:53  Gateway  
  19  2:00  Pylon  
  19  2:11  Assimilator  
  19  2:12  Probe (Chrono Boost)  
  20  2:15  Assimilator  
  20  2:20  Photon Cannon  
  20  2:22  Probe (Chrono Boost)  
  21  2:30  Photon Cannon  
  21  2:33  Probe (Chrono Boost)  
  22  2:41  Cybernetics Core  
  22  2:43  Probe (Chrono Boost)  
  23  2:48  Pylon  
  23  2:51  Zealot  
  26  2:58  Probe (Chrono Boost)  
  26  3:03  Probe (Chrono Boost)  
  27  3:09  Probe (Chrono Boost)  
  28  3:12  Photon Cannon  
  28  3:14  Probe (Chrono Boost)  
  29  3:24  Probe (Chrono Boost)  
  30  3:31  Pylon  
  30  3:33  Stargate  
  30  3:37  Probe (Chrono Boost)  
  31  3:44  Probe (Chrono Boost)  
  32  3:52  Assimilator  
  32  3:54  Assimilator, Probe (Chrono Boost)  
  33  3:57  Stalker  
  35  4:04  Warp Gate  
  35  4:05  Probe (Chrono Boost)  
  35  4:06  Probe (Chrono Boost)  
  37  4:15  Probe (Chrono Boost)  
  39  4:17  Probe (Chrono Boost)  
  39  4:22  Void Ray  
  43  4:27  Stalker, Probe (Chrono Boost)  
  46  4:38  Probe (Chrono Boost)  
  47  4:41  Probe (Chrono Boost)  
  48  4:52  Probe (Chrono Boost)  
  49  4:53  Stargate  
  49  4:55  Probe (Chrono Boost)  
  49  4:59  Void Ray  
  49  5:06  Stalker  
  56  5:07  Probe (Chrono Boost)  
  56  5:10  Probe (Chrono Boost)  
  57  5:20  Probe (Chrono Boost)  
  58  5:31  Probe (Chrono Boost)  
  58  5:35  Pylon  
  59  5:37  Pylon  
  59  5:41  Probe (Chrono Boost)  
  60  5:42  Gateway  
  60  5:44  Gateway  
  60  5:47  Void Ray  
  60  5:52  Probe (Chrono Boost)  
  69  5:59  Pylon  
  69  6:01  Pylon  
  69  6:04  Pylon  
  54  6:29  Void Ray  
  43  6:43  Stalker  
  32  7:03  Gateway x2  
  32  7:08  Gateway  
  31  7:21  Zealot  
  30  7:42  Pylon  
  27  7:46  Probe (Chrono Boost)  
  23  7:57  Probe (Chrono Boost)  
  22  8:04  Pylon  
  22  8:08  Probe (Chrono Boost)  
  22  8:10  Pylon  
  23  8:13  Photon Cannon  
  23  8:16  Probe (Chrono Boost)  
  23  8:18  Probe (Chrono Boost)  
  25  8:22  Pylon x2  
  25  8:26  Probe (Chrono Boost)  
  26  8:29  Probe (Chrono Boost)  
  27  8:37  Probe (Chrono Boost)  
  27  8:39  Probe (Chrono Boost)  
  29  8:44  Void Ray  
  29  8:47  Probe (Chrono Boost)  
  34  8:50  Probe (Chrono Boost)  
  35  8:57  Stalker  
  35  8:58  Stalker, Probe (Chrono Boost)  
  35  9:00  Stalker, Probe (Chrono Boost)  
  43  9:08  Probe (Chrono Boost)  
  44  9:11  Probe (Chrono Boost)  
  45  9:17  Twilight Council  
  45  9:19  Probe (Chrono Boost)  
  45  9:21  Probe (Chrono Boost)  
  47  9:27  Sentry x2  
  47  9:28  Sentry  
  47  9:30  Probe (Chrono Boost)  
  54  9:32  Probe (Chrono Boost)  
  53  9:40  Probe (Chrono Boost)  
  53  9:42  Probe (Chrono Boost)  
  41  9:47  Stalker x2  
  41  9:51  Probe (Chrono Boost)  
  38  10:01  Probe (Chrono Boost)  
  38  10:05  Void Ray  
  37  10:13  Sentry x3  
  40  10:14  Sentry x3  
  43  10:32  Probe (Chrono Boost)  
  42  10:42  Probe (Chrono Boost)  
  43  10:47  Stalker x2  
  43  10:48  Void Ray  
  51  10:53  Probe (Chrono Boost)  
  51  10:55  Pylon x2  
  52  11:00  Stalker  
  52  11:03  Probe (Chrono Boost)  
  47  11:13  Stalker x2  
  47  11:14  Probe (Chrono Boost)  
  46  11:39  Stalker x4  
  55  11:47  Probe (Chrono Boost)  
  55  11:58  Probe (Chrono Boost)  
  56  12:08  Probe (Chrono Boost)  
  54  12:19  Probe (Chrono Boost)  
  54  12:21  Stalker x2  
  54  12:22  Stalker x2  
Show
View Real Time Build Order
Export as new Build Order

qhxxsb Zerg - Winner!

Build Orders: Hatch First, Roach Nydus 

Get SALT Encoding   

  12  0:06  Drone  
  13  0:08  Drone  
  14  0:15  Extractor  
  14  0:16  Drone  
  15  0:22  Overlord  
  15  0:41  Drone x2  
  17  0:58  Hatchery  
  17  1:01  Drone x2  
  18  1:13  Drone  
  18  1:14  Extractor  
  18  1:30  Spawning Pool  
  17  1:54  Drone  
  18  2:08  Drone  
  18  2:09  Drone x2  
  18  2:14  Drone  
  22  2:20  Drone  
  23  2:27  Queen, Drone  
  26  2:31  Drone  
  26  2:32  Drone  
  28  2:45  Overlord  
  28  2:49  Roach Warren  
  27  2:52  Extractor  
  27  2:57  Evolution Chamber  
  25  2:59  Drone  
  25  3:00  Drone x2  
  28  3:07  Queen  
  28  3:08  Extractor  
  29  3:15  Queen  
  29  3:19  Drone  
  32  3:20  Drone  
  33  3:32  Spore Crawler  
  32  3:37  Overlord  
  32  3:46  Lair  
  32  3:54  Spore Crawler  
  31  3:57  Overlord  
  31  3:58  Roach  
  31  3:59  Roach x2  
  31  4:00  Roach  
  41  4:10  Roach x2  
  41  4:15  Overlord  
  43  4:37  Overlord  
  43  4:42  Roach x5  
  53  4:50  Overlord  
  53  5:01  Nydus Network  
  52  5:10  Overseer  
  56  5:14  Roach x2  
  56  5:36  Roach x5  
  66  5:47  Nydus Canal  
  66  5:50  Roach  
  66  5:55  Overlord  
  68  6:03  Overlord  
  58  6:28  Roach x3  
  60  6:34  Roach  
  60  6:42  Roach x3  
  60  6:44  Roach  
  62  7:02  Ravager x3  
  62  7:03  Ravager x6  
  62  7:04  Overlord  
  71  7:09  Drone  
  55  7:39  Roach x6  
  57  7:52  Hydralisk Den  
  57  7:57  Queen  
  49  8:03  Glial Reconstitution  
  49  8:05  Drone  
  47  8:15  Drone  
  47  8:16  Drone x2  
  47  8:19  Drone  
  51  8:23  Drone  
  52  8:33  Drone  
  52  8:34  Drone x2  
  55  8:40  Queen  
  57  8:51  Ravager  
  57  8:52  Ravager x6  
  64  8:58  Drone x3  
  64  8:59  Drone  
  68  9:05  Queen  
  70  9:10  Drone x2  
  70  9:16  Spore Crawler  
  71  9:19  Overlord  
  71  9:25  Drone x4  
  60  10:13  Roach x2  
  60  10:14  Roach x4  
  69  10:25  Roach x2  
  67  10:35  Roach  
  66  10:45  Muscular Augments  
  66  10:48  Hydralisk x2  
  66  10:49  Hydralisk  
  72  10:50  Evolution Chamber  
  72  10:56  Hatchery, Hydralisk  
  72  10:57  Hydralisk  
  70  10:59  Extractor  
  71  11:11  Roach  
  71  11:12  Roach x3  
  77  11:19  Burrow  
  71  11:33  Roach  
  71  11:35  Roach x3  
  71  11:36  Roach x3  
  79  11:56  Roach  
  79  11:57  Roach x4  
Tags
 
Add a new tag
Caveats
  • Supply blocks, unpowered buildings, or Contaminate may cause inaccurate times.
  • Supply counts are checked every 10 seconds.